 Dungeon Crawl Stone Soup version 0.17.0-28-g6e173f8 (webtiles) character file.

95 xeno23 the Gusty (level 4, -2/35 HPs)
             Began as a Demigod Air Elementalist on Nov 27, 2015.
             Killed from afar by Natasha (9 damage)
             ... with a magic dart
             ... on level 3 of the Dungeon.
             The game lasted 00:05:37 (2016 turns).

xeno23 the Gusty (Demigod Air Elementalist)         Turns: 2016, Time: 00:05:37

Health: -2/35      AC:  2    Str: 13    XL:     4   Next: 17%
Magic:  0/10       EV: 12    Int: 19    God:
Gold:   80         SH:  0    Dex: 16    Spells: 3 memorised, 3 levels left

rFire  + . .     SeeInvis .     u - +0 falchion
rCold  . . .     Clarity  +     a - +0 robe
rNeg   . . .     SustAt   +     (no shield)
rPois  .         Gourm    .     (no helmet)
rElec  .         Spirit   .     (no cloak)
rCorr  .         Warding  .     (no gloves)
rMut   .         Stasis   .     (no boots)
MR     .....                    n - amulet of clarity
Stlth  ++........               (no ring)
                                l - ring of protection from fire

@: repel missiles, not resistant to hostile enchantments, unstealthy
A: high mp 1, sustain attributes
a: no special abilities


You were on level 3 of the Dungeon.
You were very hungry.

You visited 1 branch of the dungeon, and saw 3 of its levels.

You collected 80 gold pieces.

Inventory:

Hand Weapons
 u - a +0 falchion (weapon)
Missiles
 i - 22 poisoned needles
Armour
 a - a +0 robe (worn)
Jewellery
 l - a ring of protection from fire (left hand)
 n - an amulet of clarity (around neck)
Scrolls
 e - a scroll of blinking {unknown}
 f - a scroll of enchant weapon {unknown}
 g - a scroll of random uselessness {unknown}
 m - a scroll of magic mapping {unknown}
 p - 3 scrolls of identify {unknown}
 q - 2 scrolls of fog {unknown}
 s - 2 scrolls of remove curse {unknown}
 t - a scroll of enchant armour {unknown}
Potions
 d - 3 potions of curing {unknown}
 h - a potion of might {unknown}
 j - 2 potions of degeneration {unknown}
 k - a potion of haste {unknown}
 r - a potion of flight {unknown}
 v - a potion of poison {unknown}
Books
 b - a book of Air

   Spells                             Type                      Level
   a - Shock                          Conjuration/Air              1
   b - Swiftness                      Charms/Air                   2
   c - Repel Missiles                 Charms/Air                   2
   d - Static Discharge               Conjuration/Air              3
   e - Lightning Bolt                 Conjuration/Air              5
Comestibles
 c - 4 bread rations
 o - 2 beef jerkies


   Skills:
 + Level 1.1 Fighting
 - Level 1.7 Dodging
 - Level 1.7 Stealth
 + Level 2.6 Spellcasting
 + Level 1.9 Conjurations
 + Level 3.3 Air Magic


You had 3 spell levels left.
You knew the following spells:

 Your Spells              Type           Power        Failure   Level  Hunger
a - Shock                 Conj/Air       ##..         8%          1    None
b - Swiftness             Chrm/Air       #.......     14%         2    ##.....
r - Repel Missiles        Chrm/Air       #.....       14%         2    ##.....


Dungeon Overview and Level Annotations

Branches:
Dungeon (3/15)

Annotations:
D:3 Natasha


Innate Abilities, Weirdness & Mutations

You have an increased reservoir of magic (+10% MP).
Your attributes are resistant to harm.


Message History

Natasha claws you. x2
* * * LOW HITPOINT WARNING * * *
You take 7 damage.
You slash Natasha!
Natasha is severely wounded.
You feel yourself speed up.
The crimson imp blinks!
Natasha closely misses you. Natasha claws you.
* * * LOW HITPOINT WARNING * * *
You take 2 damage.
Casting: Shock
Confirm with . or Enter, or press ? or * to list all spells.
Aiming: Shock
Press: ? - help, Shift-Dir - straight line, f/p - Natasha
Aim: Natasha (severely wounded)
The zap hits Natasha.
Natasha is severely wounded.
The zap misses the crimson imp.
Natasha stares at you and mumbles some strange words.
The magic dart hits you!
You die...

.............'.....).(().......#
####........>#.........####....#
#.###.###.##.......## #....# #.#
#.# .###.....## #.#### # #.# #.#
# ##.(.## #.# # #.# #.. ##'##
#.# # #.# #. #)# #.# #.#
.##.#####.## #.# #..
ยง....5h@...# #.# .##.####...#
#.)...# ##...#... ...)..##
.###.### # .# .#


You could see Natasha and a crimson imp.

Vanquished Creatures
  An orc priest (D:3)
  2 adders
  2 oozes (D:2)
  A worm (D:2)
  4 orcs (D:3)
  A bat (D:3)
  2 giant cockroaches (D:3)
  4 hobgoblins
  5 kobolds
  A quokka (D:3)
  2 ball pythons
  2 giant geckos
  2 giant newts
  3 goblins (D:2)
  2 jackals (D:2)
34 creatures vanquished.

Notes
Turn   | Place    | Note
--------------------------------------------------------------
     0 | D:1      | xeno23 the Demigod Air Elementalist began the quest for the Orb.
     0 | D:1      | Reached XP level 1. HP: 14/14 MP: 5/5
   688 | D:2      | Reached XP level 2. HP: 2/20 MP: 0/7
  1152 | D:2      | Reached skill level 1 in Conjurations
  1152 | D:2      | Reached skill level 3 in Air Magic
  1494 | D:2      | Reached XP level 3. HP: 25/27 MP: 2/9
  1525 | D:3      | Learned a level 2 spell: Swiftness
  1528 | D:3      | Learned a level 2 spell: Repel Missiles
  1661 | D:3      | Found a burning altar of Makhleb.
  1982 | D:3      | Reached skill level 1 in Fighting
  2001 | D:3      | Reached XP level 4. HP: 35/35 MP: 0/10
  2005 | D:3      | Noticed Natasha
  2016 | D:3      | Killed from afar by Natasha

Action                   |  1- 3 |  4- 6 || total
-------------------------+-------+-------++-------
Melee: Unarmed           |    22 |       ||    22
       Falchion          |    26 |     7 ||    33
 Cast: Shock             |    82 |     3 ||    85
       Repel Missiles    |     1 |       ||     1
  Eat: Chunk             |     3 |       ||     3
